 Dungeon Crawl Stone Soup version 0.21.1-1-g345015fe64 (webtiles) character file.

14 R3TARD1AN the Caller (level 2, 0/19 HPs)
             Began as a Merfolk Summoner on July 25, 2018.
             Was a Follower of the Shining One.
             Slain by Crazy Yiuf
             ... wielding a +2 quarterstaff of chaos
              (6 damage)
             ... on level 2 of the Dungeon.
             The game lasted 00:08:50 (749 turns).

R3TARD1AN the Caller (Merfolk Summoner)              Turns: 749, Time: 00:08:51

Health: 0/19       AC:  2    Str:  8    XL:     2   Next: 45%
Magic:  4/5        EV: 13    Int: 14    God:    the Shining One [*.....]
Gold:   67         SH:  0    Dex: 14    Spells: 4/5 levels left

rFire    . . .     SeeInvis .   i - +0 dagger
rCold    . . .     Gourm    .   (no shield)
rNeg     . . .     Faith    .   a - +0 robe
rPois    .         Spirit   .   (no helmet)
rElec    .         Reflect  .   (no cloak)
rCorr    .         Harm     .   (no gloves)
MR       .....                  (no boots)
Stlth    +.........             (no amulet)
HPRegen  0.06/turn              (no ring)
MPRegen  0.09/turn              (no ring)

@: glowing
A: change form in water, swift swim, stealthy swim
a: Renounce Religion


You were on level 2 of the Dungeon.
You worshipped the Shining One.
The Shining One was aware of your devotion.
You were not hungry.

You visited 1 branch of the dungeon, and saw 2 of its levels.

You collected 67 gold pieces.

Inventory:

Hand Weapons
 i - a +0 dagger (weapon)
Missiles
 e - 72 stones (quivered)
Armour
 a - a +0 robe (worn)
 d - a +0 robe
Scrolls
 g - a scroll of identify
 h - a scroll of enchant armour
 j - 2 scrolls of noise {unknown}
Potions
 f - a potion of magic {unknown}
 k - a potion of cancellation {unknown}
 l - a potion of invisibility {unknown}
 m - a potion of resistance {unknown}
 n - 2 potions of heal wounds {unknown}
Books
 b - a book of Callings

   Spells                             Type                      Level
   a - Summon Small Mammal            Summoning                    1
   b - Call Imp                       Summoning                    2
   c - Call Canine Familiar           Summoning                    3
   d - Summon Guardian Golem          Hexes/Summoning              3
   e - Summon Lightning Spire         Summoning/Air                4
   f - Summon Ice Beast               Ice/Summoning                4
Comestibles
 c - 8 rations


   Skills:
 + Level 2.9 Dodging
 + Level 2.2 Stealth
 + Level 2.1 Spellcasting
 + Level 4.4 Summonings


You had 4 spell levels left.
You knew the following spells:

 Your Spells              Type           Power        Failure   Level  Hunger
a - Summon Small Mammal   Summ           ##..         3%          1    #......


Dungeon Overview and Level Annotations

Branches:
Dungeon (2/15)

Altars:
The Shining One

Annotations:
D:2 Crazy Yiuf


Message History

There is an open door here.
Your quokka barely misses Crazy Yiuf.
You see here a mace.
Your quokka closely misses Crazy Yiuf.
You see here a mace.
You see here a mace.
Crazy Yiuf cries, "Proton!
Dawk ena head."
Crazy Yiuf grits, "Spliff Orb Guardian infinity!"
Crazy Yiuf opens the door.
Your rat misses Crazy Yiuf.
Found 11 gold pieces.
Found 2 scrolls labeled MIEFRU WEOSO.
Crazy Yiuf cries, "Dawk forty-two senile!"
Your quokka closely misses Crazy Yiuf.
Crazy Yiuf glowers.
Crazy Yiuf screams, "Rifle ladder testudinal!"
As you read the scroll labeled ORREIN GAPUEB, it crumbles to dust.
It is a scroll of identify.
h - a scroll of enchant armour Crazy Yiuf hits you with a quarterstaff of chaos.
You die...

#.# #.#
#.# #.#
#.# #.#
#.# #@#
#g# ##r##
#.?.#
#.r##
#####.##
##...#.#
##..r..$#
#....####


You could see Crazy Yiuf, a friendly quokka and a friendly rat.

Vanquished Creatures
  A rat (D:1)
1 creature vanquished.

Vanquished Creatures (collateral kills)
  An adder (D:2)
  A dart slug (D:1)
  A goblin (D:1)
  4 hobgoblins
  A bat (D:1)
  4 kobolds
  A rat (D:1)
13 creatures vanquished.

Grand Total: 14 creatures vanquished

Notes
Turn   | Place    | Note
-------+----------+-------------------------------------------
     0 | D:1      | R3TARD1AN the Merfolk Summoner began the quest for the Orb.
     0 | D:1      | Reached XP level 1. HP: 13/13 MP: 3/3
   413 | D:1      | Reached XP level 2. HP: 19/19 MP: 1/5
   691 | D:2      | Found a faded altar of an unknown god.
   710 | D:2      | Became a worshipper of the Shining One
   710 | D:2      | Reached * piety under the Shining One
   725 | D:2      | Found a runed door.
   725 | D:2      | Noticed Crazy Yiuf
   749 | D:2      | Slain by Crazy Yiuf

Action                   || total
-------------------------++-------
Melee: Unarmed           ||     3
       Dagger            ||     1
 Cast: Summon Small Mamm ||    26
  Use: Scroll            ||     1
Armor: Robe              ||     1
Dodge: Dodged            ||    16
